 Dungeon Crawl Stone Soup version 0.21.0-3-g78d12a8 (webtiles) character file.

667 Kurtz the Chopper (level 7, -6/50 HPs)
             Began as a Demonspawn Gladiator on Jan 13, 2018.
             Killed from afar by gressup's ghost (8 damage)
             ... with a flame tongue
             ... on level 4 of the Dungeon.
             The game lasted 00:04:53 (3901 turns).

Kurtz the Chopper (Demonspawn Gladiator)            Turns: 3901, Time: 00:04:54

Health: -6/50      AC:  7    Str: 16    XL:     7   Next: 31%
Magic:  7/7        EV: 10    Int:  9    God:
Gold:   197        SH:  0    Dex: 15    Spells: 6/6 levels left

rFire    . . .     SeeInvis .   a - +0 war axe
rCold    . . .     Gourm    .   (no shield)
rNeg     . . .     Faith    .   r - +0 scale mail
rPois    .         Spirit   .   c - +0 helmet
rElec    .         Reflect  .   (no cloak)
rCorr    .         Harm     .   (no gloves)
MR       .....                  (no boots)
Stlth    ..........             (no amulet)
HPRegen  0.16/turn              (no ring)
MPRegen  0.10/turn              (no ring)

@: lethally poisoned (-6 -> -7)
A: talons 1, spiny 1
a: no special abilities


You were on level 4 of the Dungeon.
You were not hungry.

You visited 1 branch of the dungeon, and saw 5 of its levels.

You collected 197 gold pieces.

Inventory:

Hand Weapons
 a - a +0 war axe (weapon)
 s - a +0 blowgun
Missiles
 d - 2 throwing nets (quivered)
 t - 6 poisoned needles
Armour
 b - a +0 leather armour
 c - a +0 helmet (worn)
 g - a +1 hat
 r - a +0 scale mail (worn)
Scrolls
 e - a scroll of fog {unknown}
 k - a scroll of teleportation
 l - a scroll of identify
 m - 2 scrolls of noise
 q - a scroll of remove curse
 v - 2 scrolls of enchant armour {unknown}
Potions
 i - a potion of mutation {unknown}
 j - a potion of cancellation {unknown}
 n - a potion of haste
 o - a potion of lignification {unknown}
 p - 2 potions of curing
 u - a potion of brilliance {unknown}
Comestibles
 f - 8 rations


   Skills:
 - Level 2.0 Fighting
 * Level 7.9 Axes
 - Level 1.7 Throwing
 - Level 2.6 Dodging


You had 6 spell levels left.
You didn't know any spells.

Dungeon Overview and Level Annotations

Branches:
Dungeon (5/15)
 Temple: D:4-7

Altars:
Elyvilon
Okawaru

Annotations:
D:4 gressup's ghost, amateur OpFE


Innate Abilities, Weirdness & Mutations

You have sharp toenails.
You are partially covered in sharp spines.


Message History

You feel sick.
Gressup's ghost is struck by your spines.
Gressup's ghost hits you but does no damage.
You miss gressup's ghost. Your kick misses gressup's ghost.
Gressup's ghost is severely damaged.
Gressup's ghost stares at you and mumbles some strange words.
The flame tongue hits you!
* * * LOW HITPOINT WARNING * * *
Unknown command.
You closely miss gressup's ghost. Your kick misses gressup's ghost.
Gressup's ghost is severely damaged.
Gressup's ghost is struck by your spines.
Gressup's ghost hits you.
* * * LOW HITPOINT WARNING * * *
Unknown command.
You closely miss gressup's ghost. Your kick misses gressup's ghost.
Gressup's ghost is almost destroyed.
Gressup's ghost stares at you and mumbles some strange words.
The flame tongue hits you!
You die...

#..........### #####
#............# #....
#............# #....
#............ #.... .........W.#
########## #.... ...........#
#........# #.... ...........#
#.......)# #....
###....########........#####....
..............†W@.....).+....)>..
#.##########.###........#.##.....
#.# #........#'##.#... #.#
#.........)....... #.#
########.......... #.#
#.......... #.# #.#######.. #'#
#.# ### ... #..


You could see gressup's ghost.

Vanquished Creatures
  Sigmund (D:2)
  2 ogres (D:4)
  A scorpion (D:4)
  2 orc wizards
  Jessica (D:2)
  Natasha (thrice) (D:2)
  3 gnolls (D:3)
  3 adders
  2 worms (D:2)
  A leopard gecko (D:1)
  8 orcs
  5 giant cockroaches
  7 goblins
  9 hobgoblins
  4 jackals (D:2)
  4 quokkas
  2 ball pythons (D:1)
  8 bats
  7 frilled lizards
  9 kobolds
  8 rats
90 creatures vanquished.

Notes
Turn   | Place    | Note
-------+----------+-------------------------------------------
     0 | D:1      | Kurtz the Demonspawn Gladiator began the quest for the Orb.
     0 | D:1      | Reached XP level 1. HP: 16/16 MP: 1/1
   138 | D:1      | Reached skill level 3 in Axes
   327 | D:1      | Gained mutation: You have sharp toenails. [demonic ancestry]
   327 | D:1      | Reached XP level 2. HP: 22/22 MP: 2/2
  1181 | D:2      | Reached XP level 3. HP: 20/27 MP: 3/3
  1408 | D:2      | Reached skill level 4 in Axes
  1619 | D:2      | Noticed Natasha
  1622 | D:2      | Noticed Jessica
  1624 | D:2      | Killed Natasha
  1653 | D:2      | Noticed Natasha
  1964 | D:2      | Reached XP level 4. HP: 30/33 MP: 4/4
  1982 | D:2      | Killed Natasha
  2241 | D:2      | Noticed Sigmund
  2264 | D:2      | Killed Sigmund
  2264 | D:2      | Reached skill level 6 in Axes
  2264 | D:2      | Reached XP level 5. HP: 38/38 MP: 5/5
  2297 | D:2      | Killed Jessica
  2297 | D:2      | Reached XP level 6. HP: 44/44 MP: 6/6
  2312 | D:2      | Noticed Natasha
  2320 | D:2      | Killed Natasha
  3478 | D:3      | Found a white marble altar of Elyvilon.
  3480 | D:3      | Found an iron altar of Okawaru.
  3504 | D:4      | Noticed gressup's ghost (amateur OpFE)
  3553 | D:4      | Reached skill level 7 in Axes
  3589 | D:5      | Entered Level 5 of the Dungeon
  3598 | D:4      | Gained mutation: You are partially covered in sharp spines. [demonic ancestry]
  3598 | D:4      | Reached XP level 7. HP: 25/50 MP: 7/7
  3900 | D:4      | HP: 2/50 [gressup's ghost (1)]
  3901 | D:4      | Killed from afar by gressup's ghost

Skill      XL: |  1  2  3  4  5  6 |
---------------+-------------------+-----
Axes           | 3 4 6 7 |  7.9
Fighting       | |  2.0
Throwing       | |  1.7
Dodging        | |  2.6

Action                   |  1- 3 |  4- 6 |  7- 9 || total
-------------------------+-------+-------+-------++-------
Melee: War axe           |   106 |   127 |    24 ||   257
       Kick              |    11 |    37 |    13 ||    61
Throw: Throwing net      |       |     4 |     1 ||     5
  Use: Potion            |     3 |       |     1 ||     4
       Scroll            |       |     3 |       ||     3
 Stab: Held in net/web   |       |     2 |       ||     2
  Eat: Chunk             |     3 |     6 |     1 ||    10
Armor: Leather armour    |    45 |     3 |       ||    48
       Scale mail        |       |    26 |     4 ||    30
Dodge: Dodged            |    97 |    59 |     5 ||   161
